 Dungeon Crawl Stone Soup version 0.31-a0-971-g75a2e9a4b4 (webtiles) character file.

Game seed: 15467397443245702837

1311 zenocrate the Covert (level 8, -9/45 HPs)
             Began as a Vampire Enchanter on Oct 28, 2023.
             Was an Initiate of Dithmenos.
             Mangled by a gnoll
             ... wielding a +0 flail of distortion
             ... led by a gnoll sergeant
              (11 damage)
             ... on level 6 of the Dungeon.
             The game lasted 00:12:14 (4916 turns).

zenocrate the Covert (Vampire Enchanter)            Turns: 4916, Time: 00:12:14

Health: -9/45      AC:  0    Str:  5 (7)  XL:     8   Next: 32%
Magic:  11/13      EV: 19    Int: 15 (17) God:    Dithmenos [......]
Gold:   299        SH:  0    Dex: 20 (22) Spells: 0/14 levels left

rFire   . . .        b - melded +0 dagger (vamp)
rCold   + + .        (shield currently unavailable)
rNeg    + + +        l - melded +0 robe
rPois   ∞            (helmet currently unavailable)
rElec   .            (cloak currently unavailable)
rCorr   .            g - melded +0 pair of gloves
SInv    +            (boots currently unavailable)
Will    .....        (no amulet)
Stlth   ++++++       j - melded +6 ring of intelligence
HPRegen 0.00/turn    k - melded +6 ring of strength
MPRegen 0.13/turn

%: no passive effects
@: bat-form, flying, bloodless, inhibited regen, very quick
A: fast, flying, no casting, tiny, bloodless, fangs 3, see invisible, vampiric 2
a: Revivify, End Transformation, Renounce Religion


You were on level 6 of the Dungeon.
You worshipped Dithmenos.
Dithmenos was noncommittal.
You were a vampire bat.
You visited 2 branches of the dungeon, and saw 7 of its levels.

You collected 299 gold pieces.

Inventory:

Hand Weapons
 a - a +3 short sword
 b - a +0 vampiric dagger (melded)
 y - a +1 short sword of protection
Armour
 g - a +0 pair of gloves (melded)
 l - a +0 robe (melded)
 z - a +0 kite shield
Jewellery
 j - a +6 ring of intelligence (melded)
 k - a +6 ring of strength (melded)
 v - a ring of protection from fire
Wands
 u - a wand of iceblast (10)
 w - a wand of mindburst (29)
 x - a wand of paralysis (4)
 C - a wand of polymorph (14)
Scrolls
 d - a scroll of poison
 f - 2 scrolls of vulnerability
 i - 2 scrolls of silence
 n - 2 scrolls of immolation
 o - a scroll of brand weapon
 p - a scroll of fear {unknown}
 q - 2 scrolls of amnesia
 r - 2 scrolls of teleportation
 s - a scroll of blinking {unknown}
 t - a scroll of noise {unknown}
 A - a scroll of butterflies {unknown}
 D - a scroll of torment {unknown}
Potions
 c - 2 potions of invisibility
 e - 4 potions of curing
 h - 3 potions of haste
 m - a potion of ambrosia
 B - a potion of brilliance


   Skills:
 - Level 2.7 Fighting
 - Level 4.3 Short Blades
 - Level 3.0 Armour
 - Level 2.1 Dodging
 + Level 9.3 Stealth
 - Level 3.8 Spellcasting
 - Level 7.0 Hexes
 + Level 1.8 Ice Magic


You couldn't memorise any spells.
You knew the following spells:

 Your Spells              Type           Power      Damage    Failure   Level
a - Ensorcelled Hibernat  Hex/Ice        32%        N/A       4%          2
b - Confusing Touch       Hex            23%        N/A       3%          3
c - Tukima's Dance        Hex            23%        N/A       3%          3
d - Dazzling Flash        Conj/Hex       26%        N/A       13%         3
y - Swiftness             Air            2%         N/A       50%         3

Your spell library contained the following spells:

 Spells                   Type           Power      Damage    Failure   Level
 Sigil of Binding         Hex            23%        N/A       3%          3
 Passwall                 Tmut/Erth      1%         N/A       28%         2
 Dimensional Bullseye     Hex/Tloc       6%         N/A       41%         4
 Leda's Liquefaction      Hex/Erth       6%         N/A       41%         4
 Call Canine Familiar     Summ           2%         N/A       50%         3
 Manifold Assault         Tloc           2%         N/A       88%         4
 Dispersal                Tloc           1%         N/A       100%        6
 Disjunction              Tloc           1%         N/A       100%        8


Dungeon Overview and Level Annotations

Branches:
Dungeon (6/15)             Temple (1/1) D:6

Altars:
Ashenzari
Dithmenos
Fedhas
Hepliaklqana
Okawaru
Ru
Sif Muna
Trog
Uskayaw
Vehumet
Xom
Yredelemnul

Shops:
D:4 [

Annotations:
D:3 1 runed translucent door


Innate Abilities, Weirdness & Mutations

You are a vampire bat.
You are tiny and dextrous.
You move quickly.
You are flying.
You are immune to poison.
Your equipment is almost entirely melded.
You are incapable of wielding weapons or throwing items.
You cannot cast spells.
You do not regenerate when monsters are visible.
You are frail without blood (-20% HP).
You can heal yourself when you bite living creatures.
You are immune to poison.
You have razor-sharp teeth.
You have supernaturally acute eyesight. (SInv)
You are afflicted with vampirism and can become a bat while bloodless.


Message History

A gnoll comes into view.
It is wielding a +0 flail of distortion.
The ogre shouts!
The gnoll shouts! x3; You hear an angry hiss.
The gnoll throws a throwing net.
The throwing net hits you.
You become entangled in the net!
You see here a throwing net.
You struggle against the net.
You tear a large gash into the net.
You shred the net and break free! The gnoll misses you.
The gnoll throws a throwing net.
The throwing net hits you.
You become entangled in the net!
The gnoll closely misses you.
You see here a throwing net.
You struggle against the net.
The gnoll hits you with a +0 flail of distortion.
Space warps horribly around you. The gnoll hits you with a +0 flail.
You struggle against the net.
The gnoll barely misses you. The gnoll hits you with a +0 flail!
The gnoll sergeant hits you from afar with a +0 spear.
You struggle against the net.
The gnoll hits you from afar with a +0 spear.
The gnoll barely misses you.
The gnoll sergeant hits you from afar with a +0 spear.
You rip the net and break free!
The gnoll misses you. The gnoll closely misses you. x2
The gnoll sergeant hits you from afar with a +0 spear!
* * * LOW HITPOINT WARNING * * *
Unknown command.
Okay, then.
Okay, then.
Okay, then.
You turn into a vampire bat.
Your +0 vampiric dagger melds into your body.
Your +0 pair of gloves melds into your body.
Your +0 robe melds into your body.
Your +6 ring of intelligence melds into your body.
Your +6 ring of strength melds into your body.
You feel your glee subside.
You feel stupid.
You feel weaker.
You feel weakened.
You feel dopey.
You feel clumsy.
The gnoll hits you with a +0 flail of distortion!
You die...

...###.............
.... .... ####
##.#.......... .
##.##.......# . .
#...#.......# .## ..
###..#.......## ..#...
#....#........###......
##..............!......
#........>.gg.(...#...
####..###..bOg........
#...###...g......##
##..####...##.....#
###..##.(..# #.>..#
##.........## ....#
#.....†...## ..##
#..##.....# .#
#.........## ..
#........##


You could see an ogre, a gnoll sergeant and 3 gnolls.

Vanquished Creatures
  Pikel (D:6)
  An ice beast (D:6)
  A sky beast (D:6)
  2 lemures (D:6)
  A bullfrog (D:6)
  A scorpion (D:4)
  2 howler monkeys
  3 orc priests (D:5)
  A hound (D:6)
  Ijyb (D:5)
  3 iguanas
  2 orc wizards (D:5)
  10 adders
  A shadow imp (D:6)
  2 white imps (D:5)
  3 worms (D:4)
  3 dart slugs
  6 orcs
  8 ball pythons
  7 bats
  6 endoplasms
  4 giant cockroaches
  10 goblins
  4 hobgoblins
  A quokka (D:1)
  3 frilled lizards
  A goblin zombie (D:5)
  5 kobolds
  A quokka zombie (D:5)
  5 rats
99 creatures vanquished.

Notes
Turn   | Place    | Note
-------+----------+-------------------------------------------
     0 | D:1      | zenocrate the Vampire Enchanter began the quest for the
                  | Orb.
     0 | D:1      | Reached XP level 1. HP: 13/13 MP: 3/3
    80 | D:1      | Reached skill level 5 in Stealth
   269 | D:1      | Reached XP level 2. HP: 19/19 MP: 5/5
   280 | D:1      | Learned a level 2 spell: Ensorcelled Hibernation
   833 | D:2      | Reached skill level 6 in Stealth
   960 | D:2      | Gained mutation: You are afflicted with vampirism and can
                  | become a bat while bloodless. [Vampire growth]
   960 | D:2      | Reached XP level 3. HP: 24/24 MP: 6/6
   964 | D:2      | Learned a level 3 spell: Confusing Touch
  1145 | D:2      | Reached skill level 1 in Fighting
  1145 | D:2      | Reached skill level 1 in Ice Magic
  1583 | D:3      | Found a hazy altar of Hepliaklqana.
  1594 | D:3      | Reached XP level 4. HP: 32/32 MP: 7/7
  1995 | D:3      | Found a runed translucent door.
  1995 | D:3      | Noticed a human
  1999 | D:3      | Found a basalt altar of Yredelemnul.
  2503 | D:4      | Noticed a scorpion
  2509 | D:4      | Killed a scorpion
  2510 | D:4      | Reached XP level 5. HP: 30/30 MP: 8/8
  2591 | D:4      | Learned a level 3 spell: Tukima's Dance
  3092 | D:4      | Found Omoamoh's Antique Armour Boutique.
  3154 | D:5      | Entered Level 5 of the Dungeon
  3188 | D:5      | Noticed Ijyb
  3193 | D:5      | Killed Ijyb
  3198 | D:5      | Reached XP level 6. HP: 36/36 MP: 2/9
  3309 | D:5      | Reached skill level 7 in Stealth
  3507 | D:5      | Reached skill level 8 in Stealth
  3531 | D:5      | Reached skill level 5 in Hexes
  3787 | D:5      | Found a shimmering altar of Xom.
  3889 | D:5      | Reached XP level 7. HP: 40/40 MP: 10/10
  4217 | D:6      | Identified the "Houpp"
  4287 | D:6      | Reached skill level 9 in Stealth
  4590 | D:6      | Noticed Pikel
  4637 | D:6      | HP: 2/40 [lemure[Pikel] (7)]
  4640 | D:6      | Killed Pikel
  4641 | D:6      | Reached XP level 8. HP: 26/45 MP: 1/13
  4731 | D:6      | Found a bloodstained altar of Trog.
  4753 | D:6      | Learned a level 3 spell: Dazzling Flash
  4757 | D:6      | Learned a level 3 spell: Swiftness
  4789 | D:6      | Found a staircase to the Ecumenical Temple.
  4854 | Temple   | Entered the Ecumenical Temple
  4865 | Temple   | Became a worshipper of Dithmenos the Shadowed
  4915 | D:6      | HP: 2/45 [gnoll sergeant/+0 spear (14)]
  4916 | D:6      | Mangled by a gnoll

Illustrated notes

Levels and vault maps discovered:
D:1:      minmay_arrival_four_houses, layout_basic
D:2:      layout_loops_ring
D:3:      layout_loops_ring, dk_yredelemnul_ordeal,
          mainiacjoe_overflow_small_starburst, minmay_misc_feat_alley
D:4:      layout_cave_pools, serial_shops, nicolae_shop_back_alley_shop,
          kennysheep_flooded_box
D:5:      layout_basic, mainiacjoe_overflow_alcove_2, kennysheep_mini_moat,
          enter_ossuary_4, roderic_lattice_a, uniq_ijyb
D:6:      layout_cave_pools, trog_book, nicolae_qazlal_general_emergency,
          minmay_temple_entry_drinking_statues, lexackson_kobold_supper,
          uniq_pikel
Temple:   compressed_dpeg_circular_temple

Skill      XL: |  1  2  3  4  5  6  7 |
---------------+----------------------+-----
Stealth        | 5 6 8 9 |  9.3
Fighting       | 1 2 |  2.7
Ice Magic      | 1 |  1.8
Short Blades   | 2 3 4 |  4.3
Hexes          | 5 7 |  7.0
Armour         | 3 |  3.0
Spellcasting   | 3 |  3.8
Dodging        | |  2.1

Action                     |  1- 3 |  4- 6 |  7- 9 || total
---------------------------+-------+-------+-------++-------
  Melee: Dagger            |    75 |    22 |    77 ||   174
         Bite              |    10 |     8 |     6 ||    24
         Short sword       |    35 |    73 |       ||   108
         Punch             |       |     1 |       ||     1
   Cast: Ensorcelled Hiber |    14 |    36 |    17 ||    67
         Confusing Touch   |       |     2 |     6 ||     8
Ability: Exsanguinate      |       |     1 |       ||     1
         Bat Form          |       |       |     1 ||     1
    Use: Scroll            |     1 |     4 |     6 ||    11
         Potion            |       |       |     2 ||     2
   Stab: Sleeping          |    19 |    32 |    11 ||    62
         Confused          |       |     1 |     3 ||     4
         Invisible         |       |       |     3 ||     3
 Armour: Robe              |    63 |    56 |    42 ||   161
         Skin              |       |       |     1 ||     1
  Dodge: Dodged            |    74 |    58 |    35 ||   167

Table legend: (Time is in decaauts)
 A = Elapsed time spent in this place.
 B = Non-inter-level travel time spent in this place.
 C = Inter-level travel time spent in this place.
 D = Time resting spent in this place.
 E = Time spent auto-exploring this place.
 F = Levels seen in this place.
 G = Mean time per level.
                   A        B        C        D        E       F      G
               +--------+--------+--------+--------+--------+-----+--------+
         Total |   4881 |   4735 |    146 |      0 |   3681 |   7 |  697.3 |
       Dungeon |   4858 |   4732 |    126 |      0 |   3681 |   6 |  809.7 |
        Temple |     22 |      2 |     20 |      0 |      0 |   1 |   22.0 |
               +--------+--------+--------+--------+--------+-----+--------+

Top non-repeatable levels by time:
     D:5: 1059 daAuts
     D:1: 800 daAuts
     D:4: 800 daAuts
     D:2: 774 daAuts
     D:3: 761 daAuts
     D:6: 663 daAuts
  Temple: 22 daAuts
